 Dungeon Sprint DCSS version 0.21.1-1-g345015f (webtiles) character file.

10367 Mgcat the Warrior (level 11, -2/119 HPs)
             Began as a Minotaur Fighter on Feb 8, 2018.
             Was a High Priest of the Shining One (penitent).
             Killed by divine providence
             ... invoked by a daeva
              (16 damage)
             ... in the Dungeon (Sprint V: "Ziggurat Sprint").
             The game lasted 00:10:37 (1406 turns).

Mgcat the Warrior (Minotaur Fighter)                Turns: 1406, Time: 00:10:38

Health: -2/119     AC: 30    Str: 27    XL:     11   Next: 35%
Magic:  7/17       EV: 14    Int:  7    God:    the Shining One [*]
Gold:   0          SH:  2    Dex: 17    Spells: 10/10 levels left

rFire    + + .     SeeInvis .   R - +7 great mace "Firestarter" {inner flame, rF++}
rCold    . . .     Gourm    .   (shield currently unavailable)
rNeg     + + .     Faith    .   a - +15 Maxwell's patent armour {-Cast -Tele rElec MR+ rCorr}
rPois    .         Spirit   .   (helmet restricted)
rElec    +         Reflect  +   (no cloak)
rCorr    +         Harm     .   (no gloves)
MR       +....     NoTele   +   (no boots) Stlth ..........NoCast +
                                c - +2 amulet of reflection
HPRegen  0.29/turn              y - +6 ring of dexterity
MPRegen  0.15/turn              B - +6 ring of strength

@: glowing, studying Necromancy
A: retaliatory headbutt, horns 2
a: Renounce Religion


You were in the Dungeon.
You worshipped the Shining One.
The Shining One was demanding penance.
You were not hungry.

You visited 1 branch

Inventory:

Hand Weapons
 R - the +7 great mace "Firestarter" (weapon) {inner flame, rF++}
   (You found it in the Dungeon)

   It has been specially enchanted to burn those struck by it, causing extra
   injury to most foes and up to half again as much damage against particularly
   susceptible opponents.
   It greatly protects you from fire.
Armour
 a - the +15 Maxwell's patent armour (worn) {-Cast -Tele rElec MR+ rCorr}
   (You found it in the Dungeon)

   It insulates you from electricity.
   It affects your resistance to hostile enchantments.
   It prevents spellcasting.
   It prevents most forms of teleportation.
   It protects you from acid and corrosion.
Magical Staves
 x - an uncursed staff of energy {+MP, hungerless spells, !d!a@w1}
   (You took it off an iron imp in the Dungeon)
 C - an uncursed staff of fire {rF+}
   (You found it in the Dungeon)
Jewellery
 c - a +2 amulet of reflection (around neck)
   (You found it in the Dungeon)
 y - a +6 ring of dexterity (left hand)
   (You found it in the Dungeon)
 B - a +6 ring of strength (right hand)
   (You found it in the Dungeon)
Wands
 F - a wand of disintegration (7)
   (You found it in the Dungeon)
 G - a wand of iceblast (7)
   (You found it in the Dungeon)
 H - a wand of acid (7)
   (You found it in the Dungeon)
Scrolls
 k - 4 scrolls of blinking {!r}
 q - 4 scrolls of amnesia
 r - 8 scrolls of fog
 s - a scroll of holy word {!r}
 t - 5 scrolls of identify
 u - 5 scrolls of remove curse
 v - a scroll of fear
Potions
 d - 6 potions of might
 e - 10 potions of curing
 g - 12 potions of heal wounds
 h - 6 potions of haste
 i - 7 potions of magic
 j - 3 potions of berserk rage {!q}
 l - 2 potions of brilliance
 m - 2 potions of invisibility
 n - 4 potions of resistance
 o - a potion of experience
 p - 5 potions of agility
Books
 z - a Grand Grimoire
   (You found it in the Dungeon)
 D - a manual of Necromancy {!d}
   (You found it in the Dungeon)
Miscellaneous
 b - a phantom mirror
 w - a lightning rod (4/4)
   (You found it in the Dungeon)
 E - a crystal ball of energy
   (You found it in the Dungeon)
 I - a lamp of fire
   (You found it in the Dungeon)
 J - 2 sacks of spiders
 K - a box of beasts
Comestibles
 f - 8 rations
 A - 3 chunks of flesh {@w0}


   Skills:
 + Level 18.0 Fighting
 + Level 17.9 Maces & Flails
 + Level 12.4 Armour
 + Level 11.0 Dodging
   Level 3.6 Shields
 + Level 10.2 Invocations


You had 10 spell levels left.
You didn't know any spells.

Dungeon Overview and Level Annotations

Branches:
Dungeon (1/1)

Altars:
Ashenzari
Cheibriados
Dithmenos
Elyvilon
Fedhas
Gozag
Hepliaklqana
Kikubaaqudgha
Makhleb
Nemelex Xobeh
Okawaru
Qazlal
Ru
Sif Muna
Trog
Uskayaw
Vehumet
Wu Jian
Xom
Yredelemnul
Zin
The Shining One
Beogh
Jiyva
Lugonu

Annotations:
D 1 transporter


Innate Abilities, Weirdness & Mutations

You reflexively headbutt those who attack you in melee.
You have a pair of horns on your head.


Message History

You are momentarily dazzled by a brilliant light.
You feel somewhat more hungry.
The cherub sings a powerful hymn!
The cherub goes into a battle-frenzy!
A divine shield forms around you!
You feel slightly more hungry.
The daeva calls down the wrath of the Shining One upon you.
The Shining One smites you!
Your angel hits the apis with a whip of holy wrath. x2
You bludgeon the apis!! You burn the apis.
The apis is filled with an inner flame.
You headbutt the apis!
The apis is moderately wounded.
You block the apis's attack.
Your angel hits the apis with a whip of holy wrath!
Your angel barely misses the apis.
The daeva calls down the wrath of the Shining One upon you.
The Shining One smites you!
You hit the apis. You burn the apis.
The apis is heavily wounded.
The apis gores you!!
Your angel hits the apis with a whip of holy wrath!
Your angel hits the apis but does no damage.
The cherub hits your angel with a long sword of flaming!
The cherub burns your angel. The cherub misses your angel.
You hit the apis. You burn the apis. Your headbutt misses the apis.
The apis is severely wounded.
The daeva calls down the wrath of the Shining One upon you.
The Shining One smites you!
Your angel hits the apis with a whip of holy wrath!!
Your angel hits the apis but does no damage.
The apis gores your angel!!
You barely miss the apis.
The apis is severely wounded.
Your angel barely misses the apis.
Your angel hits the apis but does no damage.
The cherub hits your angel with a long sword of flaming.
The cherub burns your angel.
The cherub bites your angel but does no damage.
The daeva hits your angel with a scimitar of holy wrath!
The daeva hits your angel but does no damage.
The apis gores your angel!
You hit the apis. You burn the apis.
You headbutt the apis, but do no damage.
The apis is almost dead.
Your angel misses the daeva.
Your angel hits the daeva but does no damage.
You block the apis's attack.
The cherub closely misses your angel. x2
The daeva hits your angel with a scimitar of holy wrath! x2
Your angel gestures.
Your angel is healed somewhat.
You hit the apis. You burn the apis. You headbutt the apis.
The apis is almost dead.
The apis gores you. The apis gores you but does no damage.
Your angel gestures.
Your angel is healed somewhat.
You sock the apis! You burn the apis.
The apis explodes!
The fiery explosion engulfs the apis.
The apis is moderately wounded.
The fiery explosion engulfs your angel.
Your angel is almost dead.
You feel extremely guilty. "You will pay for your transgression, mortal!"
Your divine halo fades away.
Your divine shield fades away.
The fiery explosion engulfs the daeva.
The daeva appears unharmed.
The fiery explosion engulfs you! You resist.
The fiery explosion engulfs the cherub.
The cherub resists.
The cherub is moderately wounded.
Your Fighting skill increases to level 18!
Your Dodging skill increases to level 11!
Your Invocations skill increases to level 10!
The cherub sings a powerful hymn!
The angel goes into a battle-frenzy!
The daeva is engulfed in blazing flames.
The angel is engulfed in blazing flames.
The angel gestures.
The angel is healed somewhat.
The apis is engulfed in blazing flames.
The apis gores you!
* * * LOW HITPOINT WARNING * * *
Unknown command.
Unknown command.
Unknown command.
The angel is engulfed in blazing flames.
The daeva is engulfed in blazing flames.
The apis is engulfed in blazing flames.
The angel is engulfed in blazing flames.
You kill the angel!
You feel extremely guilty. "You will pay for your transgression, mortal!"
Okay, then.
The cherub hits you with a long sword of flaming!
* * * LOW HITPOINT WARNING * * *
The cherub burns you.
* * * LOW HITPOINT WARNING * * *
The cherub pecks you but does no damage.
The cherub is engulfed in blazing flames.
The cherub sings praise to the Shining One, in four-part harmony.
The daeva calls down the wrath of the Shining One upon you.
The Shining One smites you!
You die...

▓..}[|:):.▓..):.}[..
▓..).):[..▓..[.}.|..
▓.........▓.........
▓.........▓.%.......
▓..§§.....▓.........
▓..§Y§....▓.........
▓..▓AA.▓..▓%........
▓.▓A....▓.▓.▓.....▓.
▓..@.©....▓....©....
▓▓▓▓▓▓▓▓▓▓▓▓▓▓▓▓▓▓▓▓


You could see an apis, a daeva and 2 cherubim.

Vanquished Creatures
  An apis (D)
  An ugly thing (D)
  A wolf spider (D)
  3 deep elf magi (D)
  A cyclops (D)
  A torpor snail (D)
  A freezing wraith (D)
  A rime drake (D)
  2 demonic crawlers (D)
  3 merfolk (D)
  2 jumping spiders (D)
  A meliai (shapeshifter) (D)
  2 hornets (D)
  A blink frog (shapeshifter) (D)
  A slime creature (D)
  2 hippogriffs (D)
  3 redbacks (D)
  3 tarantellas (D)
  A golden eye (D)
  A naga (D)
  2 water moccasins (D)
  A hell hound (D)
  An ice beast (D)
  A necrophage (D)
  2 centaurs (D)
  2 scorpions (D)
  2 wights (D)
  4 jellies (D)
  An iron imp (D)
  An adder (D)
  4 white imps (D)
  An ooze (D)
  3 adder skeletons (D)
  An adder simulacrum (D)
  A bat skeleton (D)
  A ball python simulacrum (D)
60 creatures vanquished.

Vanquished Creatures (collateral kills)
  2 dancing weapons (D)
  A deep elf archer (D)
  2 deep elf magi (D)
5 creatures vanquished.

Grand Total: 65 creatures vanquished

Notes
Turn   | Place    | Note
-------+----------+-------------------------------------------
     0 | D        | Found the +6 Majin-Bo {vamp, Archmagi MP+6 Int+6}
     0 | D        | Found the +7 great mace "Firestarter" {inner flame, rF++}
     0 | D        | Mgcat the Minotaur Fighter began the quest for the Orb.
     0 | D        | Reached XP level 1. HP: 19/19 MP: 0/0
     0 | D        | Found a blossoming altar of Fedhas.
     1 | D        | Found a deep blue altar of Sif Muna.
     1 | D        | Found a sacrificial altar of Ru.
     1 | D        | Found a bloodstained altar of Trog.
     1 | D        | Found a stormy altar of Qazlal.
     1 | D        | Found an iron altar of Okawaru.
     1 | D        | Found a sparkling altar of Nemelex Xobeh.
     3 | D        | Found a transporter.
     3 | D        | Found an ancient bone altar of Kikubaaqudgha.
     3 | D        | Found a viscous altar of Jiyva.
     3 | D        | Found a corrupted altar of Lugonu.
     3 | D        | Found a hazy altar of Hepliaklqana.
     3 | D        | Found a burning altar of Makhleb.
     3 | D        | Found an opulent altar of Gozag.
    63 | D        | Found the +9 heavy crossbow "Sniper" {velocity, Acc+∞ SInv}
    63 | D        | Found the +10 dark maul {crush}
    63 | D        | Found the +15 Maxwell's patent armour {-Cast -Tele rElec MR+ rCorr}
    63 | D        | Found the +18 shield of the Gong {rElec rN+ MR+ EV-5}
    63 | D        | Found the cursed +14 obsidian axe {chop, +Fly SInv *Curse}
    66 | D        | Found the +6 shillelagh "Devastator" {shatter}
    66 | D        | Found the +11 plutonium sword {*Contam Stlth-}
    66 | D        | Found the +8 lance "Wyrmbane" {slay drac, rPois rF+ rC+ AC+3}
    66 | D        | Found the +9 sword of Zonguldrok {reap}
    66 | D        | Found the cursed +13 scythe of Curses {drain, *Curse}
    66 | D        | Found the +0 sword of Power
    66 | D        | Found the +16 mace of Variability {chaos}
    66 | D        | Found the +7 Singing Sword
    66 | D        | Found the +7 longbow "Piercer" {penet, EV-2}
    92 | D        | Became a worshipper of the Shining One
   152 | D        | Entered arena 2.
   152 | D        | Noticed a water moccasin
   152 | D        | Noticed a red ugly thing
   152 | D        | Found a transporter.
   155 | D        | Noticed a blink frog
   155 | D        | a water moccasin changed into a blink frog
   158 | D        | Killed a red ugly thing
   158 | D        | Reached skill level 12 in Fighting
   158 | D        | Reached skill level 11 in Maces & Flails
   158 | D        | Reached XP level 2. HP: 11/41 MP: 1/1
   158 | D        | Reached XP level 3. HP: 13/48 MP: 2/2
   158 | D        | Reached XP level 4. HP: 15/56 MP: 3/3
   158 | D        | Reached XP level 5. HP: 17/62 MP: 4/4
   158 | D        | Reached XP level 6. HP: 19/70 MP: 5/5
   158 | D        | Killed a blink frog
   158 | D        | Reached skill level 13 in Fighting
   158 | D        | Reached skill level 12 in Maces & Flails
   158 | D        | Reached XP level 7. HP: 22/79 MP: 6/6
   343 | D        | Entered arena 3.
   343 | D        | Noticed a golden eye
   343 | D        | Reached * piety under the Shining One
   343 | D        | Found a transporter.
   354 | D        | Reached skill level 13 in Maces & Flails
   354 | D        | Killed a golden eye
   421 | D        | Entered arena 4.
   421 | D        | Reached ** piety under the Shining One
   421 | D        | Found a transporter.
   425 | D        | Reached skill level 14 in Fighting
   425 | D        | Reached skill level 14 in Maces & Flails
   426 | D        | Reached XP level 8. HP: 82/90 MP: 7/7
   436 | D        | Entered arena 5.
   436 | D        | Found a transporter.
   436 | D        | Noticed a slime creature
   441 | D        | Killed a slime creature
   441 | D        | Reached skill level 4 in Armour
   441 | D        | Reached skill level 1 in Dodging
   441 | D        | Reached skill level 1 in Invocations
   441 | D        | Reached skill level 2 in Dodging
   441 | D        | Reached skill level 2 in Invocations
   558 | D        | Entered arena 6.
   558 | D        | Reached *** piety under the Shining One
   558 | D        | Reached **** piety under the Shining One
   558 | D        | Found a transporter.
   559 | D        | Found the +8 Wrath of Trog {antimagic, *Rage}
   562 | D        | Reached ***** piety under the Shining One
   562 | D        | Reached skill level 15 in Fighting
   562 | D        | Reached skill level 5 in Armour
   562 | D        | Reached skill level 3 in Dodging
   582 | D        | Entered arena 7.
   582 | D        | Noticed a rime drake
   582 | D        | Noticed a freezing wraith
   583 | D        | Found the +7 Spriggan's Knife {MR+ EV+4 Dex+4 Stlth+}
   583 | D        | Found a transporter.
   587 | D        | Killed a freezing wraith
   587 | D        | Reached ****** piety under the Shining One
   587 | D        | Killed a rime drake
   587 | D        | Reached skill level 15 in Maces & Flails
   587 | D        | Reached skill level 6 in Armour
   587 | D        | Reached skill level 4 in Dodging
   587 | D        | Reached skill level 3 in Invocations
   587 | D        | Reached skill level 4 in Invocations
   587 | D        | Reached XP level 9. HP: 93/97 MP: 9/11
   602 | D        | Got the +3 large shield "Qyulon" {rN+ Regen+}
   604 | D        | Entered arena 8.
   604 | D        | Noticed a jumping spider
   604 | D        | Noticed a wolf spider
   605 | D        | Found a transporter.
   608 | D        | Killed a wolf spider
   608 | D        | Reached skill level 5 in Dodging
   608 | D        | Reached skill level 7 in Armour
   608 | D        | Reached skill level 6 in Dodging
   608 | D        | Reached skill level 5 in Invocations
   609 | D        | Reached skill level 8 in Armour
   613 | D        | Killed a jumping spider
   613 | D        | Reached skill level 16 in Fighting
   613 | D        | Reached skill level 6 in Invocations
   629 | D        | Entered arena 9.
   630 | D        | Found a transporter.
   648 | D        | Entered arena 10.
   648 | D        | Noticed a cyclops
   648 | D        | Noticed a merfolk
   648 | D        | Noticed a merfolk
   648 | D        | Noticed a merfolk
   649 | D        | Found a transporter.
   652 | D        | Reached skill level 16 in Maces & Flails
   652 | D        | Reached skill level 7 in Dodging
   654 | D        | Killed a merfolk
   654 | D        | Reached skill level 9 in Armour
   654 | D        | Reached XP level 10. HP: 89/108 MP: 12/14
   655 | D        | Reached skill level 7 in Invocations
   655 | D        | Reached skill level 8 in Dodging
   656 | D        | Killed a cyclops
   769 | D        | Entered arena 11.
   769 | D        | Noticed a deep elf mage
   769 | D        | Noticed a deep elf mage
   769 | D        | Noticed a death drake
   769 | D        | Noticed a deep elf mage
   769 | D        | Noticed a deep elf mage
   769 | D        | Noticed a deep elf archer
   769 | D        | Noticed a deep elf mage
   769 | D        | Noticed a halberd of freezing
   769 | D        | Noticed a dire flail of holy wrath
   769 | D        | Noticed a cyclops
   769 | D        | a death drake changed into a cyclops
   770 | D        | Found a transporter.
   773 | D        | Killed a deep elf mage
   773 | D        | Reached skill level 10 in Armour
   777 | D        | a cyclops changed into a komodo dragon
   777 | D        | HP: 21/110 [dire flail of holy wrath (11)]
   777 | D        | HP: 9/110 [dire flail of holy wrath (12)]
   779 | D        | Killed a deep elf mage
   779 | D        | Reached skill level 8 in Invocations
   781 | D        | Killed a dire flail of holy wrath
   781 | D        | Reached skill level 17 in Fighting
   781 | D        | Reached skill level 9 in Dodging
   782 | D        | HP: 22/111 [deep elf archer/arrow (24)]
   783 | D        | Killed a halberd of freezing
   783 | D        | Reached skill level 17 in Maces & Flails
   785 | D        | Killed a deep elf mage
   786 | D        | Killed a deep elf archer
   786 | D        | Reached skill level 11 in Armour
   787 | D        | Killed a deep elf mage
   787 | D        | Reached skill level 9 in Invocations
   788 | D        | HP: 16/111 [deep elf mage/bolt of lightning (8)]
   795 | D        | HP: 18/111 [deep elf mage/bolt of lightning (7)]
   796 | D        | Killed a deep elf mage
   796 | D        | Reached skill level 10 in Dodging
  1153 | D        | Entered arena 12.
  1154 | D        | Noticed a torpor snail
  1155 | D        | Found a transporter.
  1159 | D        | Reached XP level 11. HP: 91/117 MP: 16/16
  1165 | D        | Reached skill level 12 in Armour
  1393 | D        | Entered arena 13.
  1393 | D        | Noticed a daeva
  1394 | D        | Noticed a cherub
  1394 | D        | Noticed an apis
  1394 | D        | Noticed a cherub
  1394 | D        | Noticed an apis
  1397 | D        | Found a transporter.
  1404 | D        | Killed an apis
  1404 | D        | Was placed under penance by the Shining One
  1404 | D        | Reached skill level 18 in Fighting
  1404 | D        | Reached skill level 11 in Dodging
  1404 | D        | Reached skill level 10 in Invocations
  1406 | D        | HP: 16/119 [cherub/long sword of flaming (14)]
  1406 | D        | Killed from afar by a daeva

Skill      XL: |  1  2  3  4  5  6  7  8  9 10 11 |
---------------+----------------------------------+-----
Fighting       | 12 13 14 15 16 17 18 | 18.0
Maces & Flails | 11 12 14 15 16 17 | 17.9
Armour         | 6 9 11 12 | 12.4
Dodging        | 4 7 10 11 | 11.0
Invocations    | 4 6 9 10 | 10.2
Shields        | |  3.6

Action                   |  1- 3 |  4- 6 |  7- 9 | 10-12 || total
-------------------------+-------+-------+-------+-------++-------
Melee: Great mace        |     5 |       |    32 |    27 ||    64
       Headbutt          |     2 |       |     4 |     8 ||    14
Invok: Divine Shield     |       |       |     1 |     1 ||     2
       Summon Divine War |       |       |       |     2 ||     2
  Use: Potion            |       |       |       |     2 ||     2
       Scroll            |       |       |       |     1 ||     1
  Eat: Chunk             |       |       |       |     2 ||     2
Armor: Plate armour      |     9 |       |    43 |    81 ||   133
Dodge: Dodged            |     2 |       |    22 |    73 ||    97
Block: Other             |       |       |     1 |     3 ||     4

Vault maps used:
D:        sprint_v

Table legend:
 A = Turns spent in this place as a percentage of turns spent in the entire game.
 B = Non-inter-level travel turns spent in this place as a percentage of non-inter-level travel turns spent in the entire game.
 C = Inter-level travel turns spent in this place as a percentage of turns spent in this place.
 D = Turns resting spent in this place as a percentage of non-inter-level travel turns spent in this place.
 E = Turns spent auto-exploring this place as a percentage of non-inter-level travel turns spent in this place.
 F = Non-inter-level travel turns spent in this place divided by the number of levels of this place that you've seen.
                   A       B       C       D       E      F
               +-------+-------+-------+-------+-------+----------------------
         Total | 100.0 | 100.0 |   0.0 |  30.2 |  38.4 | 1406.0
       Dungeon | 100.0 | 100.0 |   0.0 |  30.2 |  38.4 | 1406.0
               +-------+-------+-------+-------+-------+----------------------

Table legend:
 A = Kills in this place as a percentage of kills in entire the game.
 B = Kills by you in this place as a percentage of kills by you in the entire game.
 C = Kills by friends in this place as a percentage of kills by friends in the entire game.
 D = Other kills in this place as a percentage of other kills in the entire game.
 E = Experience gained in this place as a percentage of experience gained in the entire game.
 F = Experience gained in this place divided by the number of levels of this place that you have seen.
                   A       B       C       D       E      F
               +-------+-------+-------+-------+-------+----------------------
         Total | 100.0 | 100.0 | 100.0 |   N/A | 100.0 | 14811.0
       Dungeon | 100.0 | 100.0 | 100.0 |   N/A | 100.0 | 14811.0
               +-------+-------+-------+-------+-------+----------------------
